 Dungeon Crawl Stone Soup version 0.32-a0-898-g7811c86cf0 (webtiles) character file.

Game seed: 7191159732425331099

160 Biggs the Shooter (level 5, 0/38 HPs)
             Began as a Coglin Hunter on Apr 5, 2024.
             Killed from afar by an orc wizard (8 damage)
             ... with a puff of flame
             ... on level 3 of the Dungeon.
             The game lasted 00:04:28 (1386 turns).

Biggs the Shooter (Coglin Hunter)                   Turns: 1386, Time: 00:04:29

Health: 0/38       AC:  3    Str: 11    XL:     5   Next: 41%
Magic:  5/5        EV: 11    Int:  9    God:
Gold:   115        SH:  0    Dex: 19    Spells: 4/4 levels left

rFire   . . .        a - +2 sling {Arashi}
rCold   . . .        d - +0 sling {Ximena}
rNeg    . . .        c - +0 leather armour
rPois   .            (no helmet)
rElec   .            (no cloak)
rCorr   .            (no gloves)
SInv    .            (no boots)
Will    .....        (amulet unavailable)
Stlth   +            (ring unavailable)
HPRegen 0.26/turn    (ring unavailable)
MPRegen 0.09/turn    (no gizmo)

%: no passive effects
@: confused, revved
A: off-hand wielding, slow wielding, warmup strikes, no jewellery
a: Invent Gizmo


You were on level 3 of the Dungeon.
You visited 1 branch of the dungeon, and saw 3 of its levels.

You collected 115 gold pieces.

Inventory:

Hand Weapons
 a - a +2 sling (weapon) {Arashi}
 d - a +0 sling (offhand) {Ximena}
Armour
 c - a +0 leather armour (worn)
Scrolls
 b - a scroll of butterflies
 e - a scroll of enchant armour {unknown}
 g - 2 scrolls of identify {unknown}
 i - a scroll of summoning {unknown}
 j - a scroll of teleportation {unknown}
 k - a scroll of vulnerability {unknown}
Potions
 f - a potion of invisibility {unknown}
 h - 2 potions of might {unknown}


   Skills:
 - Level 2.0 Fighting
 + Level 5.9 Ranged Weapons
 - Level 1.7 Dodging
 - Level 0.7 Stealth


You had 4 spell levels left.
You didn't know any spells.
Your spell library contained the following spells:

 Spells                   Type           Power      Damage    Failure   Level
 Sandblast                Erth           0%         2d4       47%         1
 Slow                     Hex            0%         N/A       47%         1
 Confusing Touch          Hex            0%         N/A       85%         3
 Stone Arrow              Conj/Erth      0%         3d7       85%         3
 Vampiric Draining        Necr           0%         2d6       85%         3
 Brom's Barrelling Bould  Conj/Erth      0%         2d3       99%         4


Dungeon Overview and Level Annotations

Branches:
Dungeon (3/15)

Altars:


Innate Abilities, Weirdness & Mutations

You can wield a second weapon in your off-hand.
It takes a long time for you to wield or remove held weapons.
Your first few attacks do less damage.
You cannot equip rings or amulets.


Message History

You hear some strange, mumbled words.
A magic dart appears from out of thin air!
The magic dart hits you!
Unknown command.
You are too injured to fight recklessly!
Unknown command.
You are too injured to fight recklessly!
Unknown command.
You are too injured to fight recklessly!
Unknown command.
You are too injured to fight recklessly!
Unknown command.
Fire: a) +2 sling {Arashi}
Press: ? - help, Q - select action Shift-Dir - straight line, f/p - orc
Aim: an orc, wielding a +0 long sword and wearing a +0 leather armour (severely wounded, 64% to hit)
You shoot a sling bullet. x2; The sling bullet hits the orc!
You kill the orc!
You hear some strange, mumbled words.
You are confused.
Non-targeted confused fire: a) +2 sling {Arashi}
Press: ? - help, Q - select action Dir - look around, f - activate
Okay, then.
You bump into the rock wall.
You hear some strange, mumbled words.
A puff of flame appears from out of thin air!
The puff of flame hits you.
* * * LOW HITPOINT WARNING * * *
Unknown command.
You completely miss something with your +0 sling.
You barely miss something with your +2 sling.
Something hits you.
* * * LOW HITPOINT WARNING * * *
Something hits you.
* * * LOW HITPOINT WARNING * * *
Unknown command.
You bump into the rock wall.
You hear some strange, mumbled words.
A puff of flame appears from out of thin air!
The puff of flame hits you!
You die...

.........# ###......#
#......# .###......# #
........#.# #. #######.#.#
#.### #.#.. . # #...###
####.### ....#.###@..#
#....#..
......)K{##.#######(...#.#
.......))#.......##....#.#
...).....#..##.####.......
.........#[..#.# ##......#
##########.#†#.# #....##.#
#.#.#.###....# ..
#.#........### .#
#.####.....# #


You could see a kobold.

Vanquished Creatures
  Jessica (D:2)
  4 gnolls (D:3)
  5 adders
  A ribbon worm (D:2)
  A dart slug (D:2)
  4 orcs (D:3)
  5 endoplasms
  2 giant cockroaches (D:1)
  3 goblins
  2 hobgoblins
  4 quokkas (D:2)
  3 ball pythons (D:2)
  4 bats
  A frilled lizard (D:1)
  2 kobolds
  5 rats
47 creatures vanquished.

Notes
Turn   | Place    | Note
-------+----------+-------------------------------------------
     0 | D:1      | Biggs the Coglin Hunter began the quest for the Orb.
     0 | D:1      | Reached XP level 1. HP: 16/16 MP: 1/1
   486 | D:1      | Reached skill level 4 in Ranged Weapons
   486 | D:1      | Reached XP level 2. HP: 22/22 MP: 2/2
   838 | D:2      | Reached XP level 3. HP: 22/27 MP: 3/3
   870 | D:2      | Noticed Jessica
   875 | D:2      | Killed Jessica
   878 | D:2      | Reached skill level 5 in Ranged Weapons
   878 | D:2      | Reached XP level 4. HP: 33/33 MP: 4/4
   911 | D:2      | Found a faded altar of an unknown god.
  1221 | D:3      | Reached XP level 5. HP: 38/38 MP: 5/5
  1386 | D:3      | Killed from afar by an orc wizard

Illustrated notes

Levels and vault maps discovered:
D:1:      spicycebolla_arrival_transporter_tutorial, layout_loops_ring
D:2:      layout_basic, shapermc_ecumenical_altar_mp_ritualfount, uniq_jessica
D:3:      minmay_angry_zag, layout_basic, fedhas_altar_4,
          mainiacjoe_overflow_24_doors, hangedman_decor_clover_reticule

Skill      XL: |  1  2  3 |
---------------+----------+-----
Ranged Weapons | 4 5 |  5.9
Fighting       | |  2.0
Dodging        | |  1.7
Stealth        | |  0.7

Action                     |  1- 3 |  4- 6 || total
---------------------------+-------+-------++-------
  Melee: Sling             |       |     2 ||     2
   Fire: Sling             |    76 |   150 ||   226
 Armour: Leather armour    |     1 |    21 ||    22
  Dodge: Dodged            |     3 |    13 ||    16

Table legend: (Time is in decaauts)
 A = Elapsed time spent in this place.
 B = Non-inter-level travel time spent in this place.
 C = Inter-level travel time spent in this place.
 D = Time resting spent in this place.
 E = Time spent auto-exploring this place.
 F = Levels seen in this place.
 G = Mean time per level.
                   A        B        C        D        E       F      G
               +--------+--------+--------+--------+--------+-----+--------+
         Total |   1408 |   1258 |    150 |      0 |   1041 |   3 |  469.3 |
       Dungeon |   1408 |   1258 |    150 |      0 |   1041 |   3 |  469.3 |
               +--------+--------+--------+--------+--------+-----+--------+

Top non-repeatable levels by time:
     D:1: 795 daAuts
     D:2: 424 daAuts
     D:3: 188 daAuts
